 Dungeon Crawl Stone Soup version 0.18.1-8-gdd0e5ea (webtiles) character file.

102 shmeve the Chopper (level 4, -3/41 HPs)
             Began as a Minotaur Berserker on May 26, 2016.
             Was a Believer of Trog.
             Killed from afar by an orc wizard (10 damage)
             ... with a magic dart
             ... on level 3 of the Dungeon.
             The game lasted 00:05:03 (1558 turns).

shmeve the Chopper (Minotaur Berserker)             Turns: 1558, Time: 00:05:04

Health: -3/41      AC:  2    Str: 22    XL:     4   Next: 50%
Magic:  3/3        EV: 12    Int:  4    God:    Trog [**....]
Gold:   122        SH:  0    Dex: 10    Spells: 0 memorised, 3 levels left

rFire  . . .     SeeInvis .     a - +0 hand axe
rCold  . . .     Gourm    .     b - +0 animal skin
rNeg   . . .     Faith    .     (no shield)
rPois  .         Spirit   .     (helmet restricted)
rElec  .         Dismiss  .     (no cloak)
rCorr  +         Reflect  .     (no gloves)
SustAt .         Harm     .     (no boots)
MR     .....                    (no amulet)
Stlth  +.........               (no ring)
                                p - ring of resist corrosion

@: slowed, very slow, not resistant to hostile enchantments, very unstealthy
A: retaliatory headbutt, horns 2
a: Berserk, Trog's Hand, Burn Spellbooks, Renounce Religion


You were on level 3 of the Dungeon.
You worshipped Trog.
Trog was pleased with you.
You were not hungry.

You visited 1 branch of the dungeon, and saw 3 of its levels.

You collected 122 gold pieces.

Inventory:

Hand Weapons
 a - a +0 hand axe (weapon)
Armour
 b - a +0 animal skin (worn)
Jewellery
 p - a ring of resist corrosion (left hand)
Scrolls
 e - 2 scrolls of teleportation {unknown}
 f - a scroll of noise {unknown}
 h - 2 scrolls of recharging {unknown}
 k - a scroll of magic mapping {unknown}
 o - a scroll of enchant weapon {unknown}
Potions
 d - 2 potions of haste {unknown}
 g - 3 potions of curing {unknown}
 j - a potion of heal wounds {unknown}
 l - a potion of magic {unknown}
Comestibles
 c - 4 bread rations
 i - a meat ration
 m - a royal jelly
 n - a chunk of flesh
 q - 5 fruits


   Skills:
 * Level 4.6 Fighting
 * Level 4.8 Axes
 + Level 3.1 Armour
 + Level 3.0 Dodging


You had 3 spell levels left.
You didn't know any spells.

Dungeon Overview and Level Annotations

Branches:
Dungeon (3/15)

Altars:
Dithmenos


Innate Abilities, Weirdness & Mutations

You reflexively headbutt those who attack you in melee.
You have a pair of horns on your head.


Message History

You barely miss the orc. You headbutt the orc.
You kill the orc!
Trog accepts your kill.
Your Dodging skill increases to level 3!
The orc wizard gestures at you while chanting.
You feel as though you will be slow longer.
Unknown command.
The orc wizard casts a spell.
The orc wizard blinks!
Found a stone staircase leading down.
You barely miss the orc wizard.
The orc wizard is almost dead.
The orc wizard hits you with a dagger.
* * * LOW HITPOINT WARNING * * *
You closely miss the orc wizard. Your headbutt misses the orc wizard.
The orc wizard is almost dead.
The orc wizard hits you but does no damage.
The orc wizard gestures at you while chanting.
The magic dart hits you!
You die...

#.. #...#'###.###.#.###
#...#............####..
....#..).........# #..
.................####..
...#..))#+##...........
... #....# ##........###
... #...)#'##.>......#
.....#......#........#
.8.8...@#...#........#
.....8.o#...#........#
.........#.##.......)#
##+##..#.#.##........###
##. ...##....)...... ..
#..########..... .# ..
#..... .. .>. #.....
######


You could see an orc wizard.

Vanquished Creatures
  5 adders
  A worm (D:2)
  A dart slug (D:1)
  A giant gecko (D:1)
  9 orcs (D:3)
  5 giant cockroaches
  4 goblins
  3 hobgoblins
  5 bats
  A giant newt (D:2)
  6 kobolds
  3 rats
44 creatures vanquished.

Notes
Turn   | Place    | Note
--------------------------------------------------------------
     0 | D:1      | shmeve the Minotaur Berserker began the quest for the Orb.
     0 | D:1      | Reached XP level 1. HP: 19/19 MP: 0/0
   413 | D:1      | Reached XP level 2. HP: 26/27 MP: 1/1
   702 | D:2      | Reached XP level 3. HP: 19/33 MP: 2/2
   953 | D:2      | Reached ** piety under Trog
  1235 | D:2      | Reached XP level 4. HP: 36/41 MP: 3/3
  1246 | D:2      | Found a shadowy altar of Dithmenos.
  1558 | D:3      | Killed from afar by an orc wizard

Skill      XL: |  1  2  3  4 |
---------------+-------------+-----
Axes           | 4 |  4.8
Fighting       | 4 |  4.6
Armour         | 3 |  3.1
Dodging        | 3 |  3.0

Action                   |  1- 3 |  4- 6 || total
-------------------------+-------+-------++-------
Melee: Hand axe          |    52 |    24 ||    76
       Headbutt          |     7 |     2 ||     9
 Stab: Sleeping          |       |     1 ||     1
  Eat: Chunk             |     1 |     1 ||     2
Armor: Animal skin       |    14 |     2 ||    16
Dodge: Dodged            |    38 |    21 ||    59
